 Dungeon Crawl Stone Soup version 0.31-a0-152-g6aa68a64a1 (webtiles) character file.

Game seed: 7755160354437852022

61 qw the Shooter (level 4, 0/39 HPs)
             Began as a Naga Hunter on June 10, 2023.
             Slain by an orc priest
             ... wielding a +0 dagger
              (2 damage)
             ... on level 2 of the Dungeon.
             The game lasted 00:00:18 (764 turns).

qw the Shooter (Naga Hunter)                         Turns: 764, Time: 00:00:18

Health: 0/39       AC:  3    Str: 14    XL:     4   Next: 7%
Magic:  4/4        EV:  9    Int:  9    God:
Gold:   32         SH:  0    Dex: 16    Spells: 3/3 levels left

rFire   . . .        Y - +0 shortbow
rCold   . . .        (shield currently unavailable)
rNeg    . . .        c - +0 leather armour
rPois   +            (no helmet)
rElec   .            (no cloak)
rCorr   .            d - +0 pair of gloves
SInv    +            (no barding)
Will    .....        (no amulet)
Stlth   ++           (no ring)
HPRegen 0.26/turn    (no ring)
MPRegen 0.09/turn

%: no passive effects
@: very slow
A: AC +1, large, see invisible, deformed body, poison resistance, slowness 2,
spit poison 1, naga tail 1
a: Spit Poison


You were on level 2 of the Dungeon.
You visited 1 branch of the dungeon, and saw 2 of its levels.

You collected 32 gold pieces.


Innate Abilities, Weirdness & Mutations

Your serpentine skin is tough. (AC +1)
You have supernaturally acute eyesight. (SInv)
Armour fits poorly on your strangely shaped body.
Your system is resistant to poisons. (rPois)
You cover ground very slowly.
You can spit poison.
You have a snake-like lower body.


   Skills:
 + Level 2.0 Fighting
 - Level 5.0 Ranged Weapons
 - Level 1.5 Dodging
 - Level 1.5 Stealth


You had 3 spell levels left.
You didn't know any spells.
Your spell library was empty.

Inventory:

Hand Weapons
 Y - a +0 shortbow (weapon)
Armour
 c - a +0 leather armour (worn)
 d - a +0 pair of gloves (worn)

Dungeon Overview and Level Annotations

Branches:
Dungeon (2/15)

Altars:


Message History

You fail to use your ability.
759 ||| INVOKING Spit Poison.
Aiming: Spit Poison (2% risk of failure)
Press: ? - help, Shift-Dir - straight line, f/p - orc wizard The splash of poison hits the orc wizard.
The orc wizard is severely wounded.
The orc priest hits you with a +0 dagger.
The orc wizard barely misses you.
You shoot an arrow.
The arrow hits the orc wizard but does no damage.
The orc wizard is severely wounded.
The orc priest hits you with a +0 dagger.
The orc wizard hits you but does no damage.
The orc priest hits you with a +0 dagger.
The orc wizard hits you but does no damage.
You shoot an arrow. The arrow hits the orc wizard!
You kill the orc wizard!
The orc priest hits you with a +0 dagger.
The orc hits you with a +0 mace.
Your Ranged Weapons skill increases to level 5!
You have reached level 4!
You feel stronger.
You shoot an arrow. The arrow barely misses the orc priest.
A goblin comes into view. It is wielding a +0 club.
The orc priest calls down the wrath of Beogh upon you.
You struggle to resist.
The orc barely misses you.
You shoot an arrow.
The arrow closely misses the orc priest.
The goblin shouts!
You hear a shout!
A goblin comes into view. It is wielding a +0 dagger.
The orc priest invokes the aid of Beogh against you.
Pain shoots through your body! The orc hits you with a +0 mace.
You shoot an arrow. The goblin shouts!
The arrow hits the orc priest.
The orc priest is moderately wounded.
You have got your breath back.
You hear a shout! x4
The orc priest hits you with a +0 dagger.
You die...

#....######
##+##....#....#########.
.........#....##.o......
.........#......@)......
.........##......o.).gg.
....................))..
...................%....
........................
...##....##.............
...'.....++.............
...###...##......##.....
........###......# +##


You could see an orc priest, an orc and 2 goblins.

Vanquished Creatures
  An orc wizard (D:2)
  2 dart slugs (D:1)
  3 orcs (D:2)
  3 bats (D:1)
  3 endoplasms
  5 hobgoblins
  3 jackals (D:1)
  2 frilled lizards (D:1)
  2 goblins (D:1)
  2 kobolds (D:1)
  A rat (D:1)
27 creatures vanquished.

Notes
Turn   | Place    | Note
-------+----------+-------------------------------------------
     0 | D:1      | qw the Naga Hunter began the quest for the Orb.
     0 | D:1      | Reached XP level 1. HP: 19/19 MP: 1/1
     0 | D:1      | 0 ||| qw: Version: 0.2-a-29-gd901d54
     0 | D:1      | 0 ||| qw: Game counter: 3971
     0 | D:1      | 0 ||| qw: Always use a shield: true
     0 | D:1      | 0 ||| qw: God list: Okawaru
     0 | D:1      | 0 ||| qw: Allow faded altars: false
     0 | D:1      | 0 ||| qw: Do Orc after D:15 true
     0 | D:1      | 0 ||| qw: Do second Lair branch before Depths: true
     0 | D:1      | 0 ||| qw: Lair rune preference: random
     0 | D:1      | 0 ||| qw: Plans: Normal
     0 | D:1      | 0 ||| PLANNING D:1-11
    20 | D:1      | 20 ||| INVOKING Spit Poison.
    91 | D:1      | 91 ||| INVOKING Spit Poison.
   139 | D:1      | 139 ||| INVOKING Spit Poison.
   155 | D:1      | 155 ||| INVOKING Spit Poison.
   160 | D:1      | Reached skill level 4 in Ranged Weapons
   160 | D:1      | Reached XP level 2. HP: 26/26 MP: 2/2
   180 | D:1      | 180 ||| INVOKING Spit Poison.
   198 | D:1      | 198 ||| INVOKING Spit Poison.
   203 | D:1      | 203 ||| INVOKING Spit Poison.
   207 | D:1      | 207 ||| INVOKING Spit Poison.
   284 | D:1      | 284 ||| INVOKING Spit Poison.
   356 | D:1      | 356 ||| INVOKING Spit Poison.
   481 | D:1      | 481 ||| INVOKING Spit Poison.
   516 | D:1      | 516 ||| INVOKING Spit Poison.
   520 | D:1      | Reached XP level 3. HP: 32/32 MP: 3/3
   670 | D:1      | 670 ||| INVOKING Spit Poison.
   697 | D:1      | 697 ||| UPGRADING to +0 pair of gloves.
   702 | D:1      | 702 ||| READING scroll labelled WUHE IGI HOG.
   703 | D:1      | 703 ||| READING scroll labelled COHES AGENAESH.
   704 | D:1      | 704 ||| DROPPING scroll of butterflies.
   748 | D:2      | 748 ||| INVOKING Spit Poison.
   752 | D:2      | 752 ||| INVOKING Spit Poison.
   758 | D:2      | 758 ||| INVOKING Spit Poison.
   759 | D:2      | 759 ||| INVOKING Spit Poison.
   761 | D:2      | HP: 7/32 [orc/+0 mace (3)]
   762 | D:2      | Reached skill level 5 in Ranged Weapons
   762 | D:2      | Reached XP level 4. HP: 9/39 MP: 4/4
   763 | D:2      | HP: 2/39 [orc/+0 mace (3)]
   764 | D:2      | Slain by an orc priest

Levels and vault maps discovered:
D:1:      kennysheep_arrival_forest, layout_basic,
          wander_ebering_terrifying_dragon_lair
D:2:      cheibrodos_pilgrimage, layout_basic, uniq_robin,
          uniq_crazy_yiuf_cottage, uniq_jessica

Skill      XL: |  1  2  3 |
---------------+----------+-----
Ranged Weapons | 4 5 |  5.0
Fighting       | |  2.0
Dodging        | |  1.5
Stealth        | |  1.5

Action                     |  1- 3 |  4- 6 || total
---------------------------+-------+-------++-------
   Fire: Shortbow          |    50 |     3 ||    53
Ability: Spit Poison       |    16 |       ||    16
    Use: Scroll            |     2 |       ||     2
 Armour: Leather armour    |     6 |       ||     6
  Dodge: Dodged            |    17 |     1 ||    18

Table legend:
 A = Non-vault XP
 B = Vault XP
 C = Vault XP percentage of total XP
 D = Non-vault monster count
 E = Vault monster count
 F = Vault count percentage of total count
                 A         B        C        D         E       F
            +---------+---------+-------+---------+---------+-------
      Total |      43 |      45 |  51.1 |      22 |       5 |  18.5
            +---------+---------+-------+---------+---------+-------
        D:1 |      37 |       1 |   2.6 |      19 |       1 |   5.0
        D:2 |       6 |      44 |  88.0 |       3 |       4 |  57.1
            +---------+---------+-------+---------+---------+-------
